 Dungeon Crawl Stone Soup version 0.28-a0-239-g68911e0c57 (webtiles) character file.

Game seed: 951693742235817301

77 jisko22 the Magician (level 4, -3/32 HPs)
             Began as a Djinni Fire Elementalist on Aug 23, 2021.
             Slain by a gnoll (10 damage)
             ... on level 2 of the Dungeon.
             The game lasted 00:06:29 (2948 turns).

jisko22 the Magician (Djinni Fire Elementalist)     Turns: 2948, Time: 00:06:29

Health: -3/32      AC:  3    Str:  7    XL:     4   Next: 60%
Gold:   47         EV: 13    Int: 16    God:
                   SH:  0    Dex: 15

rFire   + + .      SeeInvis .   b - +0 short sword
rCold   x . .      Faith    .   (no shield)
rNeg    . . .      Spirit   .   a - +0 robe
rPois   ∞          Reflect  .   (no helmet)
rElec   .          Harm     .   i - +0 cloak
rCorr   .          Rampage  .   (no gloves)
Will    .....                   (boots unavailable)
Stlth   ++........              (no amulet)
HPRegen 0.10/turn               (no ring)
MPRegen 0.00/turn               (no ring)

@: flying
A: sickness immunity, fire resistance 2, cold vulnerability 1, float, innate
caster, hp casting, extra vitality 1
a: no special abilities


You were on level 2 of the Dungeon.
You visited 1 branch of the dungeon, and saw 3 of its levels.

You collected 47 gold pieces.

Inventory:

Hand Weapons
 b - a +0 short sword (weapon)
Armour
 a - a +0 robe (worn)
 i - a +0 cloak (worn)
Scrolls
 f - a scroll of enchant weapon {unknown}
 h - a scroll of identify {unknown}
 k - a scroll of teleportation {unknown}
Potions
 c - 2 potions of might {unknown}
 d - 2 potions of mutation {unknown}
 e - a potion of curing {unknown}
 g - a potion of lignification {unknown}
 j - a potion of heal wounds {unknown}


   Skills:
 + Level 1.1 Fighting
 * Level 1.7 Long Blades
 + Level 2.7 Dodging
 + Level 2.0 Stealth
 * Level 2.8 Spellcasting


You couldn't memorise any spells.
You knew the following spells:

 Your Spells              Type           Power      Damage    Failure   Level
a - Foxfire               Conj/Fire      44%        2x1d6     6%          1
b - Conjure Flame         Conj/Fire      11%        6-21      17%         3
c - Inner Flame           Hex/Fire       11%        N/A       17%         3
d - Sticky Flame          Conj/Fire      11%        2d3       50%         4
e - Fireball              Conj/Fire      5%         3d5       85%         5
f - Apportation           Tloc           22%        N/A       6%          1
Your spell library was empty.

Dungeon Overview and Level Annotations

Branches:
Dungeon (3/15)

Altars:

Shops:
D:3 [

Annotations:
D:2 1 runed translucent door, exclusion: door, Crazy Yiuf


Innate Abilities, Weirdness & Mutations

You are immune to sickness and miasma.
You are immune to poison.
Your flesh is very heat resistant. (rF++)
You are vulnerable to cold. (rC-)
You float through the air rather than walking.
You learn spells naturally, not from books.
Your magical power is your life essence.
You have superior vitality. (+4 HP)


Message History

The foxfire hits the gnoll.
The gnoll is almost dead.
The gnoll closely misses you.
Casting: Foxfire (safe; 6% risk of failure)
Confirm with . or Enter, or press ? or * to list all spells.
You conjure some foxfire!
The gnoll hits you from afar with a +0 halberd.
The foxfire hits the gnoll.
The gnoll is lightly wounded.
The foxfire hits the gnoll.
The gnoll is lightly wounded.
The gnoll hits you from afar with a +0 halberd.
The gnoll barely misses you.
Things that are here:
a +0 short sword; a kobold skeleton
There is a stone staircase leading up here.
The gnoll misses you.
You fly upwards.
Level annotation: 1 runed translucent door, exclusion: door, Crazy Yiuf
There is a stone staircase leading down here.
Casting: Foxfire (safe; 6% risk of failure)
Confirm with . or Enter, or press ? or * to list all spells.
You conjure some foxfire!
The gnoll hits you with a +0 flail.
The foxfire hits the gnoll but does no damage. x2
The gnoll closely misses you.
Casting: Foxfire (safe; 6% risk of failure)
Confirm with . or Enter, or press ? or * to list all spells.
You conjure some foxfire!
The gnoll hits you with a +0 flail!
* * * LOW HITPOINT WARNING * * *
The foxfire hits the gnoll.
The gnoll is lightly wounded.
The foxfire hits the gnoll.
The gnoll is moderately wounded.
The gnoll closely misses you.
Casting: Foxfire (safe; 6% risk of failure)
Confirm with . or Enter, or press ? or * to list all spells.
You conjure some foxfire!
* * * LOW HITPOINT WARNING * * *
The gnoll hits you with a +0 flail!
You die...

##############
#............#
#.##########.# #.# #.# #.#
#.# #.# #.# #####v######
#.# #...v@g...[# #.#
#.###.####.# ###.#####
######.# #.# #.###........
#...##.###.####.##.#..##...
#......#..........###.##.#.
#...####.#####..##.#.###.#.
##.## #.# #...#...###<#.
#.# #.# #.....#.....#. #.#
#.# #...#...#####.


You could see a gnoll (ally target).

Vanquished Creatures
  An adder (D:2)
  2 dart slugs (D:2)
  4 worms
  An orc (D:3)
  5 ball pythons
  4 endoplasms
  A giant cockroach (D:1)
  10 goblins
  3 hobgoblins
  9 kobolds
  A quokka (D:3)
  6 bats
  3 frilled lizards
  4 rats
54 creatures vanquished.

Vanquished Creatures (others)
  167 foxfires
167 creatures vanquished.

Grand Total: 221 creatures vanquished

Notes
Turn   | Place    | Note
-------+----------+-------------------------------------------
     0 | D:1      | jisko22 the Djinni Fire Elementalist began the quest for
                  | the Orb.
     0 | D:1      | Reached XP level 1. HP: 15/15 MP: 0/0
   308 | D:1      | Reached XP level 2. HP: 20/21 MP: 0/0
   564 | D:1      | Found a faded altar of an unknown god.
   615 | D:1      | Got Plato's Disquisition on Combat Magic
   762 | D:1      | Reached skill level 1 in Long Blades
  1045 | D:1      | Reached XP level 3. HP: 25/26 MP: 0/0
  1045 | D:1      | Learned a level 1 spell: Apportation
  1468 | D:2      | Reached skill level 1 in Fighting
  1553 | D:2      | Reached XP level 4. HP: 26/32 MP: 0/0
  2095 | D:2      | Found a runed translucent door.
  2096 | D:2      | Noticed Crazy Yiuf
  2764 | D:3      | Found Gum Juf's Armour Shoppe.
  2948 | D:2      | Slain by a gnoll

Illustrated notes

Levels and vault maps discovered:
D:1:      amcnicky_arrival_blooded_trapdoor, layout_basic,
          shapermc_ecumenical_altar_rom_forum
D:2:      layout_loops_ring, uniq_crazy_yiuf_cottage
D:3:      layout_loops_ring, serial_shops, shop, grunt_ministairs_11

Skill      XL: |  1  2  3 |
---------------+----------+-----
Long Blades    | 1 |  1.7
Fighting       | 1 |  1.1
Stealth        | 2 |  2.0
Dodging        | |  2.7
Spellcasting   | |  2.8

Action                   |  1- 3 |  4- 6 || total
-------------------------+-------+-------++-------
Melee: Short sword       |     2 |     2 ||     4
 Cast: Foxfire           |    60 |    46 ||   106
  Use: Scroll            |       |     1 ||     1
 Stab: Sleeping          |       |     1 ||     1
Armor: Robe              |     1 |     1 ||     2
Dodge: Dodged            |     4 |    12 ||    16

Table legend: (Time is in decaauts)
 A = Elapsed time spent in this place.
 B = Non-inter-level travel time spent in this place.
 C = Inter-level travel time spent in this place.
 D = Time resting spent in this place.
 E = Time spent auto-exploring this place.
 F = Levels seen in this place.
 G = Mean time per level.
                   A        B        C        D        E       F      G
               +--------+--------+--------+--------+--------+-----+--------+
         Total |   2948 |   2880 |     68 |    317 |   2115 |   3 |  982.7 |
       Dungeon |   2948 |   2880 |     68 |    317 |   2115 |   3 |  982.7 |
               +--------+--------+--------+--------+--------+-----+--------+

Top non-repeatable levels by time:
     D:2: 1256 daAuts
     D:1: 1141 daAuts
     D:3: 550 daAuts
